 Dungeon Crawl Stone Soup version 0.32-a0-172-gc5dd13f2a7 (webtiles) character file.

Game seed: 2031523095424650160

274069 lunkers the Conqueror (level 18, -12/228 (236) HPs)
             Began as an Oni Fighter on Feb 7, 2024.
             Was the Champion of Ru.
             Killed from afar by an ironbound thunderhulk (42 damage)
             ... with a bolt of lightning
             ... on level 3 of the Vaults on Feb 12, 2024.
             The game lasted 01:38:33 (43053 turns).

lunkers the Conqueror (Oni Fighter)                Turns: 43053, Time: 01:38:34

HP:   -12/228 (236) AC: 16    Str: 31    XL:     18   Next: 30%
MP:   18/18         EV:  9    Int:  7    God:    Ru [******]
Gold: 3699          SH: 13    Dex:  6    Spells: 13/17 levels left

rFire   . . .        b - +8 demon trident "Rift" {distort, reach+}
rCold   . . .        W - +1 kite shield {AC+3}
rNeg    . . .        M - +2 robe {Will+}
rPois   .            (helmet restricted)
rElec   .            X - +2 cloak
rCorr   .            (gloves unavailable)
SInv    .            (boots unavailable)
Will    ++...        l - amulet of the acrobat
Stlth   +            H - +4 ring of protection
HPRegen 0.58/turn    V - ring of flight
MPRegen 0.16/turn

%: acrobat
@: flying, lightly drained
A: large, unfitting armour, horns 1, clumsy 1, dopey 1, screaming 1, tough skin
1, no earth magic, no hexes magic, no summoning magic, unskilled 1,
inexperienced 2, double potion healing, drunken brawling
}: 2/15 runes: barnacled, gossamer
a: Renounce Religion, Draw Out Power, Power Leap, Apocalypse


You were on level 3 of the Vaults.
You worshipped Ru.
Ru was exalted by your worship.
You visited 6 branches of the dungeon, and saw 31 of its levels.

You collected 3960 gold pieces.
You spent 261 gold pieces at shops.

Inventory:

Hand Weapons
 b - the +8 demon trident "Rift" (weapon) {distort, reach+}
   (You found it on level 4 of the Dungeon)
Missiles
 a - 5 large rocks
 i - 46 poisoned darts
 o - 12 javelins
 s - 4 atropa-tipped darts
 w - 35 boomerangs
 A - 7 throwing nets
 R - 5 curare-tipped darts
 Z - 31 stones
Armour
 D - a scarf of repulsion
 F - a +0 cloak of preservation
 M - a +2 robe of willpower (worn)
 Q - a +2 kite shield of reflection
 W - a +1 kite shield of protection (worn)
 X - a +2 cloak (worn)
Jewellery
 g - a ring of see invisible
 l - an amulet of the acrobat (around neck)
 E - an amulet of guardian spirit
 H - a +4 ring of protection (left hand)
 N - a ring of protection from fire
 O - a ring of resist corrosion
 V - a ring of flight (right hand)
Wands
 c - a wand of acid (8)
 u - a wand of digging (15)
 y - a wand of polymorph (21)
 K - a wand of charming (23)
 L - a wand of flame (18)
 P - a wand of mindburst (10)
 S - a wand of iceblast (4)
Scrolls
 h - 5 scrolls of enchant armour
 m - 2 scrolls of brand weapon
 q - 5 scrolls of teleportation
 v - 2 scrolls of silence
 z - 4 scrolls of fog
 T - 4 scrolls of blinking
Potions
 d - 4 potions of might
 e - 2 potions of magic
 f - 3 potions of attraction
 j - 6 potions of enlightenment
 k - 16 potions of ambrosia
 n - 8 potions of heal wounds
 p - 3 potions of invisibility
 r - 6 potions of curing
 t - 4 potions of resistance
 x - 5 potions of lignification
 B - a potion of cancellation
 C - 5 potions of haste
 G - 2 potions of berserk rage
 I - 4 potions of mutation
 Y - 2 potions of brilliance
Miscellaneous
 J - a phantom mirror
 U - a sack of spiders


   Skills:
 O Level 27 Fighting
 - Level 14.0 Polearms
 + Level 13.1 Armour
 - Level 2.4 Dodging
 + Level 17.1 Shields


You had 13 spell levels left.
You knew the following spells:

 Your Spells              Type           Power      Damage    Failure   Level
b - Manifold Assault      Tloc           0%         N/A       99%         4

Your spell library contained the following spells:

 Spells                   Type           Power      Damage    Failure   Level
 Foxfire                  Conj/Fire      0%         2x1d4     52%         1
 Shock                    Conj/Air       0%         1d3       52%         1
 Mercury Vapours          Alch/Air       0%         N/A       65%         2
 Static Discharge         Conj/Air       0%         3-3/arc   65%         2
 Fugue of the Fallen      Necr           0%         N/A       87%         3
 Gell's Gravitas          Tloc           0%         N/A       87%         3
 Hailstorm                Conj/Ice       0%         3d5       87%         3
 Mephitic Cloud           Conj/Alch/Air  0%         N/A       87%         3
 Ozocubu's Armour         Ice            0%         N/A       87%         3
 Swiftness                Air            0%         N/A       87%         3
 Teleport Other           Tloc           0%         N/A       87%         3
 Volatile Blastmotes      Fire/Tloc      0%         2d10      87%         3
 Airstrike                Air            0%         2d(0-16)  99%         4
 Animate Dead             Necr           0%         N/A       99%         4
 Fulminant Prism          Conj/Alch      0%         3d5       99%         4
 Iskenderun's Mystic Bla  Conj/Tloc      0%         2d3       99%         4
 Fireball                 Conj/Fire      0%         3d3       100%        5
 Freezing Cloud           Conj/Ice/Air   0%         6-21      100%        5
 Dispersal                Tloc           0%         N/A       100%        6
 Plasma Beam              Fire/Air       0%         2x1d10    100%        6
 Sculpt Simulacrum        Ice/Alch       0%         N/A       100%        6
 Starburst                Conj/Fire      0%         6d3       100%        6
 Infestation              Necr           0%         N/A       100%        8
 Summon Ice Beast         Ice/Summ       Unusable   N/A       N/A         3
 Cause Fear               Hex            Unusable   N/A       N/A         4
 Summon Lightning Spire   Summ/Air       Unusable   N/A       N/A         4
 Summon Mana Viper        Hex/Summ       Unusable   N/A       N/A         5
 Haunt                    Necr/Summ      Unusable   N/A       N/A         7
 Monstrous Menagerie      Summ           Unusable   N/A       N/A         7
 Dragon's Call            Summ           Unusable   N/A       N/A         9

Dungeon Overview and Level Annotations

Branches:
Dungeon (13/15)            Temple (0/1) D:5            Lair (5/5) D:8
 Shoals (4/4) Lair:2       Spider (4/4) Lair:2          Orc (2/2) D:12
    Elf (0/3) Orc:2        Vaults (3/5) D:13
  Slime: Lair:4-5     Crypt: Vaults:2-3

Altars:
Dithmenos
Gozag
Okawaru
Ru
Trog
Vehumet
Xom

Shops:
D:6 [   D:7 !   D:9 (   Orc:2 (![:(   Vaults:3 =

Portals:
Abyss: D:4

Annotations:
Lair:1 exclusion: oklob plant
Lair:4 exclusion: 3 oklob plants
Shoals:3 Mara
Spider:1 Roxanne
Abyss:1 Azrael, Bai Suzhen, Erica, Louise, Rupert, Snorg


Innate Abilities, Weirdness & Mutations

You are too large for most types of armour.
You have a pair of small horns on your head.
You are clumsy. (Dex -2)
You are dopey. (Int -2)
You occasionally shout uncontrollably at your foes.
You have tough skin. (AC +1)
You cannot study or cast Earth magic.
You cannot study or cast Hexes magic.
You cannot study or cast Summoning magic.
You are somewhat unskilled. (-1 Apt)
You are inexperienced. (-2 XL)
You gain doubled healing and magic from potions.
Whenever you drink a healing potion, you attack all around you.


Message History

The orc knight roars a battlecry!
The orc knight goes into a battle-frenzy!
The deep troll shouts!
Reach: b) +8 demon trident "Rift" {distort, reach+}
Press: ? - help, Dir - move target, f/p - orc knight
Aim: an orc knight, wielding a +0 dire flail, wearing a +0 chain mail and carrying a wand of polymorph (almost dead, strong, about 25% to evade the +8 demon trident "Rift")
You barely miss the orc knight. Your headbutt misses the orc knight.
The orc knight is almost dead.
Reach: b) +8 demon trident "Rift" {distort, reach+}
Press: ? - help, Dir - move target, f/p - orc knight
Aim: an orc knight, wielding a +0 dire flail, wearing a +0 chain mail and carrying a wand of polymorph (almost dead, strong, about 25% to evade the +8 demon trident "Rift")
You impale the orc knight!!
You kill the orc knight!
You redirect the ironbound thunderhulk's attack!
Electricity crackles from the ironbound thunderhulk's apparatus.
The bolt of lightning hits you!!!
* * * LOW HITPOINT WARNING * * *
Reach: b) +8 demon trident "Rift" {distort, reach+}
Press: ? - help, Dir - move target, f - orc knight
Aim: an orc knight, wielding a +0 battleaxe and wearing a +0 plate armour (heavily wounded, strong, about 23% to evade the +8 demon trident "Rift")
You hit the orc knight but do no damage.
The orc knight is heavily wounded.
Unknown command.
Reach: b) +8 demon trident "Rift" {distort, reach+}
Press: ? - help, Dir - move target, f/p - orc knight
Aim: an orc knight, wielding a +0 battleaxe and wearing a +0 plate armour (heavily wounded, strong, about 23% to evade the +8 demon trident "Rift")
You impale the orc knight!!
Space warps horribly around the orc knight!
You kill the orc knight!
Unknown command.
Reach: b) +8 demon trident "Rift" {distort, reach+}
Press: ? - help, Dir - move target, f - deep troll
Aim: a deep troll (about 23% to evade the +8 demon trident "Rift")
You puncture the deep troll!
Space warps horribly around the deep troll!!
The deep troll is heavily wounded.
Electricity crackles from the ironbound thunderhulk's apparatus.
The bolt of lightning hits you!!!
You die...
Ru respects your ultimate sacrifice.

##...###...##
##...##.##...##
##.............##
#...#.......#...#
###
#..##.......##..#
#o.
####........)####
#u.
#..##.......##..#
#c#
#...#.......#...#
###'#
##.......T)@)..##
#..)o
##.[.##O##...##
#..)o
##..)###...##
#.... ##...#...##
#.... ##..#..##
#.... #'######
#.... ####
#[)....# #....
#..### #.[[...#
#.... #....###
#......# #....


You could see an ironbound thunderhulk and a deep troll.

Vanquished Creatures
  Saint Roka (Vaults:2)
  A kraken (Shoals:1)
  Agnes (Spider:1)
  Polyphemus (Shoals:3)
  A deep elf sorcerer (Vaults:3)
  7 emperor scorpions
  A frost giant (Shoals:4)
  A fire giant (Vaults:3)
  4 vault wardens
  3 ghost moths (Spider:4)
  7 ironbound preservers
  5 broodmothers
  A formless jellyfish (Vaults:3)
  2 ironbound thunderhulks
  7 dire elephants
  A merfolk javelineer (Shoals:2)
  A crystal guardian (Vaults:3)
  6 merfolk impalers
  3 entropy weavers
  6 great orbs of eyes
  7 yaktaur captains
  10 vault guards
  A peacekeeper (Vaults:2)
  A catoblepas (D:13)
  3 ironbound frosthearts
  Erolcha (D:13)
  An ogre mage (Vaults:2)
  5 centaur warriors (Vaults:1)
  2 boulder beetles (D:12)
  11 two-headed ogres
  7 radroaches
  A jorogumo (Spider:3)
  An alligator snapping turtle (Shoals:2)
  2 merfolk avatars
  5 death yaks (Lair:5)
  2 merfolk aquamancers
  5 demonic crawlers
  2 satyrs
  A tengu warrior (D:12)
  5 orc high priests
  Urug (D:12)
  10 spriggans (Lair:5)
  Sonja (Orc:2)
  6 pharaoh ants
  2 skysharks (Shoals:2)
  19 deep trolls
  6 sea snakes
  13 orb spiders
  5 arcanists
  4 lindwurms
  2 sun moths
  5 steelbarb worms
  17 harpies
  14 ironbound convokers
  A deep elf pyromancer (D:12)
  4 orc knights
  22 wolf spiders
  4 orc sorcerers
  12 ugly things
  4 moths of wrath
  Maurice (Orc:2)
  14 fauns
  9 manticores
  4 black mambas
  14 elephants
  3 meliai (D:12)
  2 kobold blastminers (Orc:1)
  9 merfolk sirens
  2 water nymphs
  11 cane toads
  4 vault sentinels
  5 torpor snails
  The ghost of cforsyth the Trooper, a novice DjWr (D:4)
  A gargoyle (D:12)
  2 unseen horrors (D:11)
  2 rime drakes (Lair:5)
  12 yaktaurs
  An efreet (D:13)
  5 komodo dragons
  Jeremiah (D:7)
  A freezing wraith (D:12)
  Psyche (D:8)
  A queen bee (D:12)
  6 trolls
  24 merfolk
  6 polar bears
  4 wind drakes
  7 hornets
  16 blink frogs
  29 tarantellas
  Grinder (D:6)
  7 snapping turtles
  23 slime creatures
  3 dream sheep
  32 jumping spiders
  22 culicivoras
  3 wraiths
  A vampire (D:12)
  12 water elementals
  2 wargs (Orc:1)
  2 fire elementals (Orc:2)
  63 yaks
  2 humans (D:9)
  7 wyverns
  4 basilisks (Lair:3)
  11 vampire mosquitoes
  60 redbacks
  Menkaure (D:6)
  3 acid dragons
  3 small abominations (D:4)
  6 hell hounds
  12 water moccasins
  15 orc warriors
  Duvessa (D:7)
  4 black bears
  6 ogres
  30 wolves
  10 centaurs
  4 boggarts (Lair:5)
  2 phantoms (D:5)
  A kobold brigand (D:7)
  Blork the orc (D:5)
  A gnoll sergeant (D:12)
  4 scorpions
  18 bullfrogs
  9 wights
  Dowan (D:7)
  26 killer bees
  14 howler monkeys
  2 electric eels
  2 bombardier beetles
  Crazy Yiuf (D:5)
  47 orc priests
  5 gnoll boudas
  3 hounds
  A jelly (D:5)
  9 iguanas
  A sleepcap (D:6)
  40 orc wizards
  6 hell rats (Lair:4)
  24 gnolls
  4 adders
  3 river rats (D:5)
  2 shadow imps
  5 white imps
  2 ufetubi (D:5)
  A ribbon worm (D:5)
  2 dart slugs
  76 orcs
  5 bats
  6 endoplasms
  6 giant cockroaches
  7 goblins
  8 hobgoblins
  5 jackals
  2 quokkas
  5 ball pythons
  4 frilled lizards
  6 kobolds
  12 rats
  4 tentacles (Shoals:1)
1216 creatures vanquished.

Vanquished Creatures (others)
  An ironbound preserver (Vaults:2)
  A dire elephant (Vaults:3)
  A death yak (Shoals:3)
  A sea snake (Shoals:1)
  A wolf spider (Spider:4)
  5 dream sheep (D:7)
  A jumping spider (Spider:3)
  A spriggan (Lair:5)
  A yak (D:9)
  An orc wizard (D:8)
  4 tentacles (Shoals:1)
18 creatures vanquished.

Grand Total: 1234 creatures vanquished

Notes
Turn   | Place    | Note
-------+----------+-------------------------------------------
     0 | D:1      | lunkers the Oni Fighter began the quest for the Orb.
     0 | D:1      | Reached XP level 1. HP: 24/24 MP: 1/1
   113 | D:1      | Reached XP level 2. HP: 25/32 MP: 2/2
   557 | D:1      | Reached XP level 3. HP: 40/40 MP: 3/3
  1196 | D:3      | Reached XP level 4. HP: 19/49 MP: 4/4
  1204 | D:3      | Reached skill level 5 in Fighting
  1205 | D:3      | HP: 1/50 [burnt (3)]
  1504 | D:3      | Reached XP level 5. HP: 57/57 MP: 5/5
  1532 | D:3      | Identified the ring "Ylaemauv" {rCorr Int+6 Dex+3}
  1853 | D:3      | Found a radiant altar of Vehumet.
  1884 | D:3      | Found a bloodstained altar of Trog.
  2001 | D:4      | Found a transporter.
  2008 | D:4      | Found the +8 demon trident "Rift" {distort, reach+}
  2009 | D:4      | Noticed a small abomination
  2010 | D:4      | Noticed a small abomination
  2015 | D:4      | Noticed a small abomination
  2041 | D:4      | Found a one-way gate to the infinite horrors of the Abyss.
  2041 | D:4      | Noticed cforsyth's ghost (novice DjWr)
  2384 | D:4      | Reached XP level 6. HP: 49/66 MP: 6/6
  2483 | D:4      | Found a transporter.
  3063 | D:5      | Entered Level 5 of the Dungeon
  3094 | D:5      | Found a sacrificial altar of Ru.
  3122 | D:5      | Became a worshipper of Ru the Awakened
  3130 | D:5      | Reached skill level 5 in Polearms
  3156 | D:5      | Reached skill level 6 in Fighting
  3156 | D:5      | Reached XP level 7. HP: 75/75 MP: 7/7
  3164 | D:5      | Noticed Blork the orc
  3171 | D:5      | Killed Blork the orc
  3191 | D:5      | Found a staircase to the Ecumenical Temple.
  3318 | D:5      | Found a runed translucent door.
  3319 | D:5      | Noticed Crazy Yiuf
  3545 | D:5      | You fall into a shaft and drop 2 floors!
  3570 | D:7      | Reached XP level 8. HP: 84/84 MP: 8/8
  3641 | D:7      | Found Addi's Distillery.
  3644 | D:7      | Bought a potion of might for 56 gold pieces
  3644 | D:7      | Bought a potion of haste for 140 gold pieces
  3659 | D:7      | Reached skill level 7 in Fighting
  3779 | D:7      | Reached skill level 5 in Shields
  4259 | D:7      | Noticed Duvessa
  4260 | D:7      | Noticed Dowan
  4274 | D:7      | Killed Duvessa
  4278 | D:7      | Killed Dowan
  4449 | D:7      | Noticed a dream sheep
  4449 | D:7      | Noticed a dream sheep
  4449 | D:7      | Noticed a dream sheep
  4449 | D:7      | Noticed a dream sheep
  4449 | D:7      | Noticed a dream sheep
  4449 | D:7      | Found a shimmering altar of Xom.
  4452 | D:7      | Killed a dream sheep
  4452 | D:7      | Killed a dream sheep
  4452 | D:7      | Killed a dream sheep
  4452 | D:7      | Killed a dream sheep
  4452 | D:7      | Killed a dream sheep
  4465 | D:7      | Noticed Jeremiah
  4476 | D:7      | Killed Jeremiah
  4477 | D:7      | Reached skill level 8 in Fighting
  4618 | D:7      | Noticed a yak
  4618 | D:7      | Noticed a yak
  4618 | D:7      | Noticed a yak
  4624 | D:7      | Noticed a yak
  4625 | D:7      | Killed a yak
  4626 | D:7      | Reached XP level 9. HP: 87/97 MP: 9/9
  5175 | D:6      | Noticed Menkaure
  5180 | D:6      | Killed Menkaure
  5181 | D:6      | Reached skill level 9 in Fighting
  5667 | D:6      | Found Rezoyblu's Armour Shop.
  5709 | D:6      | Noticed Grinder
  5711 | D:6      | Paralysed by Grinder for 2 turns
  5729 | D:6      | Killed Grinder
  5898 | D:6      | Identified the +4 flail of True Grit {pain, rC+ Int+4}
  6306 | D:6      | Reached skill level 10 in Polearms
  6306 | D:6      | Reached XP level 10. HP: 110/110 MP: 10/10
  6570 | D:5      | Reached skill level 10 in Fighting
  6844 | D:5      | Gained mutation: You are somewhat unskilled. (-1 Apt) [Ru
                  | sacrifice]
  6844 | D:5      | Reduced skill Fighting to level 9
  6844 | D:5      | Reached * piety under Ru
  7308 | D:5      | Killed Crazy Yiuf
  7657 | D:4      | Killed cforsyth's ghost
  7910 | D:8      | Reached skill level 10 in Polearms
  8161 | D:8      | Noticed Erica
  8162 | D:8      | Banished Erica
  8163 | D:8      | Reached skill level 10 in Fighting
  8301 | D:8      | Found a staircase to the Lair.
  8640 | D:8      | Noticed Psyche
  8649 | D:8      | Killed Psyche
  8750 | D:9      | Found an iron altar of Okawaru.
  8760 | D:9      | Reached XP level 11. HP: 115/119 MP: 11/11
  8969 | D:9      | Found Ujeuco's Antique Weapon Boutique.
  9140 | D:9      | Gained mutation: You are somewhat inexperienced. (-1 XL)
                  | [Ru sacrifice]
  9140 | D:9      | Reached XP level 10. HP: 111/111 MP: 10/10
  9140 | D:9      | Reached ** piety under Ru
  9140 | D:9      | Reached *** piety under Ru
  9556 | D:10     | Entered Level 10 of the Dungeon
  9800 | D:10     | Found an opulent altar of Gozag.
  9808 | D:10     | Reached skill level 11 in Fighting
  9973 | D:10     | Noticed a two-headed ogre
  9974 | D:10     | Banished a two-headed ogre
 10920 | D:11     | Noticed a two-headed ogre
 10929 | D:11     | Killed a two-headed ogre
 10988 | D:11     | Learned a level 4 spell: Manifold Assault
 11044 | D:11     | Noticed a green ugly thing
 11049 | D:11     | Noticed a two-headed ogre
 11055 | D:11     | Banished a two-headed ogre
 11056 | D:11     | Reached XP level 11. HP: 85/123 MP: 8/11
 11435 | D:11     | Reached skill level 12 in Fighting
 11462 | D:11     | Gained mutation: You occasionally shout uncontrollably at
                  | your foes. [Ru sacrifice]
 11804 | D:11     | Noticed a two-headed ogre
 11812 | D:11     | Killed a two-headed ogre
 12496 | Lair:1   | Entered Level 1 of the Lair of Beasts
 13366 | Lair:2   | Reached skill level 13 in Fighting
 13697 | Lair:2   | Found a hole to the Spider Nest.
 13775 | Lair:2   | Reached XP level 12. HP: 110/136 MP: 9/12
 13783 | Lair:2   | Gained mutation: You cannot study or cast Earth magic. [Ru
                  | sacrifice]
 13783 | Lair:2   | Gained mutation: You cannot study or cast Hexes magic. [Ru
                  | sacrifice]
 13783 | Lair:2   | Gained mutation: You cannot study or cast Summoning magic.
                  | [Ru sacrifice]
 13783 | Lair:2   | Reached **** piety under Ru
 13890 | Lair:2   | Found a staircase to the Shoals.
 14706 | Lair:3   | Reached skill level 10 in Shields
 14716 | Lair:3   | Reached skill level 14 in Fighting
 15434 | Lair:4   | Identified the +1 hat "Hero's Friend" {Harm Int+2 Dex+4
                  | SInv}
 15543 | Lair:4   | Reached skill level 15 in Fighting
 15606 | Lair:4   | Gained mutation: You are inexperienced. (-2 XL) [Ru
                  | sacrifice]
 15606 | Lair:4   | Reached XP level 11. HP: 133/133 MP: 11/11
 15606 | Lair:4   | Reached ***** piety under Ru
 15607 | Lair:4   | Upgraded the game from 0.32-a0-128-g77eb882913 to
                  | 0.32-a0-131-g9dbbe29261
 15780 | Lair:4   | Reached skill level 16 in Fighting
 17011 | Lair:5   | Entered Level 5 of the Lair of Beasts
 17017 | Lair:5   | Noticed Rupert
 17026 | Lair:5   | Banished Rupert
 17027 | Lair:5   | Reached skill level 17 in Fighting
 17297 | Lair:5   | Reached XP level 12. HP: 18/148 MP: 4/12
 17669 | Lair:5   | Paralysed by a hornet for 3 turns
 17671 | Lair:5   | HP: 7/148 [wolf (4)]
 18208 | Lair:5   | Reached skill level 18 in Fighting
 18250 | Lair:5   | Gained mutation: You are clumsy. (Dex -2) [Ru sacrifice]
 19519 | D:12     | Noticed Urug
 19526 | D:12     | Killed Urug
 19537 | D:12     | Reached skill level 19 in Fighting
 19915 | D:12     | Reached XP level 13. HP: 147/162 MP: 13/13
 20074 | D:12     | Found a staircase to the Orcish Mines.
 20409 | D:12     | Gained mutation: You are dopey. (Int -2) [Ru sacrifice]
 20409 | D:12     | Reached ****** piety under Ru
 20758 | Orc:1    | Entered Level 1 of the Orcish Mines
 20758 | Orc:1    | Noticed Snorg
 20759 | Orc:1    | Banished Snorg
 20909 | Orc:1    | Reached skill level 1 in Armour
 21174 | Orc:2    | Entered Level 2 of the Orcish Mines
 21174 | Orc:2    | Noticed Maurice
 21198 | Orc:2    | Found Kehead's Antique Weapon Shop.
 21218 | Orc:2    | Killed Maurice
 21225 | Orc:2    | Noticed Azrael
 21317 | Orc:2    | Noticed Sonja
 21331 | Orc:2    | Banished Azrael
 21343 | Orc:2    | Killed Sonja
 21633 | Orc:2    | Found a staircase to the Elven Halls.
 21939 | Orc:1    | Reached skill level 20 in Fighting
 22423 | Orc:2    | Found Ygoij's Weapon Shoppe.
 22423 | Orc:2    | Found Dufigh's Armour Emporium.
 22424 | Orc:2    | Found Otsokin's Distillery.
 22429 | Orc:2    | Found Hodghy's Book Shoppe.
 22437 | Orc:2    | Bought a potion of heal wounds for 65 gold pieces
 22728 | Shoals:1 | Entered Level 1 of the Shoals
 23124 | Shoals:1 | Noticed Louise
 23131 | Shoals:1 | Banished Louise
 23694 | Shoals:1 | Noticed a kraken
 23709 | Shoals:1 | Killed a kraken
 24374 | Shoals:1 | Reached XP level 14. HP: 50/176 MP: 7/14
 24710 | Shoals:2 | Reached skill level 5 in Armour
 25270 | Shoals:2 | Reached skill level 21 in Fighting
 26827 | Shoals:3 | Noticed Bai Suzhen
 26849 | Shoals:3 | Banished Bai Suzhen
 26921 | Shoals:4 | Entered Level 4 of the Shoals
 28130 | Shoals:4 | Reached XP level 15. HP: 136/189 MP: 15/15
 28311 | Shoals:3 | Noticed Polyphemus
 28357 | Shoals:3 | Noticed Mara
 28367 | Shoals:3 | Noticed lunkers's illusion
 28834 | Shoals:3 | Killed Polyphemus
 28835 | Shoals:3 | Reached skill level 22 in Fighting
 28975 | Shoals:3 | Noticed lunkers's illusion
 28991 | Shoals:3 | Upgraded the game from 0.32-a0-131-g9dbbe29261 to
                  | 0.32-a0-172-gc5dd13f2a7
 28997 | Shoals:3 | Noticed lunkers's illusion
 29016 | Shoals:3 | HP: 2/172 [Mara (illusionary)/bolt of fire (19)]
 29556 | Shoals:4 | Got a barnacled rune of Zot
 29678 | Shoals:3 | Noticed lunkers's illusion
 29867 | Spider:1 | Entered Level 1 of the Spider Nest
 30459 | Spider:1 | Noticed Agnes
 30470 | Spider:1 | Killed Agnes
 30673 | Spider:1 | Identified the +0 robe of Wisseps {rC+ Int+3}
 30768 | Spider:1 | Identified a scroll of acquirement
 30858 | Spider:1 | Noticed Roxanne
 31696 | Spider:2 | Reached skill level 15 in Shields
 32001 | Spider:3 | Identified the +11 war axe "Sirun" {vamp, rF- Str+4}
 32325 | Spider:3 | Reached skill level 23 in Fighting
 32994 | Spider:3 | Acquired 747 gold pieces
 33064 | Spider:3 | Reached XP level 16. HP: 173/204 MP: 13/16
 33297 | Spider:4 | Entered Level 4 of the Spider Nest
 33684 | Spider:4 | Reached skill level 10 in Armour
 33760 | Spider:4 | Reached skill level 24 in Fighting
 33771 | Spider:4 | HP: 2/206 [burnt (11)]
 33779 | Spider:4 | HP: 6/197 [jumping spider[a broodmother] (10)]
 34497 | Spider:4 | Reached skill level 25 in Fighting
 35044 | Spider:4 | Reached skill level 26 in Fighting
 35610 | Spider:4 | Got a gossamer rune of Zot
 36358 | D:13     | Found a gate to the Vaults.
 36685 | D:13     | Found a shadowy altar of Dithmenos.
 36789 | D:13     | Noticed Erolcha
 36793 | D:13     | Killed Erolcha
 37347 | Vaults:1 | Entered Level 1 of the Vaults
 37605 | Vaults:1 | Reached XP level 17. HP: 67/224 MP: 4/17
 39546 | Vaults:2 | Reached skill level 27 in Fighting
 40244 | Vaults:2 | Noticed Saint Roka
 40245 | Vaults:2 | Identified the +5 spear "Vuomost" {venom, Int+2 SInv}
 40289 | Vaults:2 | Killed Saint Roka
 42169 | Vaults:3 | Reached XP level 18. HP: 78/236 MP: 18/18
 42280 | Vaults:3 | Paralysed by a formless jellyfish for 1 turns
 42901 | Vaults:3 | Found Leigax's Jewellery Boutique.
 43053 | Vaults:3 | Killed from afar by an ironbound thunderhulk

Illustrated notes

Levels and vault maps discovered:
D:1:      lemuel_arrival_cross, layout_loops_ring
D:2:      layout_rooms
D:3:      layout_rooms, mainiacjoe_overflow_two_lobes, corexii_leaking_fountain
D:4:      layout_basic, gammafunk_ghost_abyssal_escape,
          chequers_serial_rivers_micro_a, grunt_decor_arrowhead
D:5:      layout_loops_corners, mainiacjoe_overflow_cross_hatched,
          minmay_temple_entry_statues, portal_sewer_entry_e, uniq_blork_the_orc,
          uniq_crazy_yiuf_cottage
D:6:      layout_gridville, serial_shops, nicolae_shop_crystal,
          chequers_serial_rivers_room_b, grunt_decor_resistance,
          grunt_ministairs_9, chequers_serial_rivers_marsh, roderic_lattice_a,
          minmay_a_box_with_orc_wizards_in_it, uniq_grinder, uniq_menkaure
D:7:      layout_gridville, kb_xom_exploding_sheep, serial_shops,
          nicolae_shop_real_fake_doors, uniq_jeremiah, uniq_duvessa
D:8:      layout_rooms, erik_lair_orcish_takeover, uniq_erica, uniq_psyche
D:9:      layout_irregular_city, okawaru_humans, serial_shops, shop
D:10:     layout_loops_corners, mainiacjoe_overflow_concentric_impassable
D:11:     layout_layer_cave
D:12:     minmay_the_grid_triangle_9x9_rhombus_thin_mashed
          [minmay_the_grid_triangle_9x9_stretched_checkered,
          minmay_the_grid_triangle_9x9_prize_top_heavy,
          minmay_the_grid_triangle_9x9_odd_lines,
          minmay_the_grid_triangle_9x9_windchime], layout_rooms, special_room
          [special_room_bee], uniq_urug
D:13:     layout_stronghold, erik_vaults_2,
          nicolae_dithmenos_through_a_glass_darkly, uniq_erolcha
Lair:1:   minmay_lair_oklob_tunnel, layout_regular_city, grunt_megastairs_2
Lair:2:   layout_regular_city, minmay_shoals_entry_centaurs,
          spider_nest_entry_web_field, beast_lair_carwin_11
Lair:3:   layout_big_grid, kennysheep_basilisk_garden
Lair:4:   layout_layer_cave, minmay_slime_entry_oklob_open, grunt_megastairs_5
Lair:5:   minmay_lair_end_enchanted_forest, layout_regular_city,
          grunt_megastairs_4, uniq_rupert
Shoals:1: cheibrodos_shoals_roost, layout_shoals, uniq_louise
Shoals:2: layout_shoals, centaur_isle
Shoals:3: layout_shoals, uniq_bai_suzhen, uniq_mara, uniq_polyphemus
Shoals:4: shoals_end_grunt_ice, layout_shoals
Spider:1: layout_spider_delve, nicolae_spider_altar_of_dancing, uniq_roxanne,
          uniq_agnes
Spider:2: layout_spider_delve, hangedman_spider_tarantella_strand, uniq_frances,
          uniq_asterion
Spider:3: layout_spider_delve, nicolae_spider_eight_legs
Spider:4: grunt_spider_rune_circles, guppyfry_spider_mini_1
Orc:1:    layout_caves, uniq_snorg
Orc:2:    st_orc_mages, layout_caves, serial_shops, shop, minmay_orc_temple_a,
          uniq_sonja, uniq_maurice, uniq_azrael
Vaults:1: nicolae_vaults_network_star, nicolae_vaults_storage_room_statues,
          nicolae_vaults_house_3, ontoclasm_vaults_chip, v_misc_28,
          hangedman_vaults_slice, v_misc_5,
          nicolae_vaults_offset_grid_hallway_4,
          nicolae_vaults_door_testing_chamber, vaults_dpeg_emergency_exit,
          nicolae_vaults_house_2, v_misc_13, vaults_mumra_bighexcomb,
          layout_vaults_omnigrid
Vaults:2: nicolae_vaults_offset_grid_hallway_1, v_misc_10,
          nicolae_vaults_yaktaur_gun_rack, hangedman_vaults_nails,
          ontoclasm_vaults_gateway, layout_vaults_chaotic_city, uniq_saint_roka
Vaults:3: vaults_standard_mumra_x, minmay_crypt_entry_necro_gods,
          grunt_vaults_trifunnel, st_diamondy, nicolae_vaults_theta,
          nicolae_vaults_trapezoid_lopsided_2, grunt_vaults_focal,
          nicolae_vaults_tetromino_Z_2, nicolae_vaults_triangles, v_misc_18,
          nicolae_vaults_offset_grid_hallway_2, vaults_dpeg_diagonal,
          nicolae_vaults_trapezoid_lopsided_1, nicolae_vaults_surprise_closet,
          nicolae_vaults_sesquioval_fish, vaults_room_pool,
          layout_vaults_maze_snakey, serial_shops, nicolae_square_shop

Skill      XL: |  1  2  3  4  5  6  7  8  9 10 11 12 13 14 15 16 17 18 |
---------------+-------------------------------------------------------+-----
Shields        | 3 4 5 6 8 9 12 13 14 15 16 17 | 17.1
Polearms       | 3 4 5 6 8 10 12 13 14 | 14.0
Fighting       | 5 6 8 9 11 17 19 20 21 23 26 27 | 27.0
Armour         | 4 7 9 10 12 13 | 13.1
Dodging        | |  2.4

Action                     |  1- 3 |  4- 6 |  7- 9 | 10-12 | 13-15 | 16-18 || total
---------------------------+-------+-------+-------+-------+-------+-------++-------
  Melee: Trident           |   119 |   111 |   187 |    86 |       |       ||   503
         Headbutt          |    12 |    17 |    48 |   126 |   133 |   188 ||   524
         Spear             |       |       |   120 |       |       |       ||   120
         Demon trident     |       |       |       |  1042 |  1452 |  1138 ||  3632
  Throw: Stone             |    20 |    12 |    15 |   103 |    14 |       ||   164
         Dart              |       |       |       |       |     3 |       ||     3
 Invoke: Sacrifice Experie |       |       |       |     2 |       |       ||     2
         Sacrifice Skill   |       |       |       |     1 |       |       ||     1
         Sacrifice Purity  |       |       |       |     2 |     1 |       ||     3
         Draw Out Power    |       |       |       |     1 |     3 |     4 ||     8
         Sacrifice Arcana  |       |       |       |     1 |       |       ||     1
         Apocalypse        |       |       |       |       |       |     1 ||     1
  Evoke: Wand              |       |       |       |     4 |    14 |     1 ||    19
    Use: Scroll            |       |     7 |     3 |    21 |     6 |     2 ||    39
         Potion            |       |       |     3 |     2 |     5 |     1 ||    11
   Stab: Sleeping          |     1 |     1 |     1 |     3 |       |       ||     6
         Invisible         |       |       |       |     3 |     6 |     5 ||    14
         Paralysed         |       |       |       |     2 |     8 |     4 ||    14
         Distracted        |       |       |       |     2 |     4 |     2 ||     8
 Armour: Robe              |    45 |    47 |   145 |   366 |   663 |   443 ||  1709
  Dodge: Dodged            |    19 |    19 |    76 |   148 |   215 |   114 ||   591
  Block: Kite shield       |    38 |    26 |   125 |   239 |   429 |   254 ||  1111

Table legend: (Time is in decaauts)
 A = Elapsed time spent in this place.
 B = Non-inter-level travel time spent in this place.
 C = Inter-level travel time spent in this place.
 D = Time resting spent in this place.
 E = Time spent auto-exploring this place.
 F = Levels seen in this place.
 G = Mean time per level.
                   A        B        C        D        E       F      G
               +--------+--------+--------+--------+--------+-----+--------+
         Total |  41971 |  40284 |   1687 |   4454 |  28095 |  31 | 1353.9 |
       Dungeon |  15147 |  14204 |    943 |    334 |  11345 |  13 | 1165.2 |
          Lair |   7433 |   7112 |    321 |    717 |   5106 |   5 | 1486.6 |
        Shoals |   6608 |   6346 |    262 |   1513 |   3361 |   4 | 1652.0 |
   Spider Nest |   5591 |   5494 |     97 |    912 |   3342 |   4 | 1397.8 |
  Orcish Mines |   1719 |   1682 |     37 |     75 |   1177 |   2 |  859.5 |
        Vaults |   5471 |   5446 |     25 |    902 |   3764 |   3 | 1823.7 |
               +--------+--------+--------+--------+--------+-----+--------+

Top non-repeatable levels by time:
Vaults:2: 2379 daAuts
  Lair:5: 2169 daAuts
Spider:3: 2160 daAuts
Vaults:1: 2107 daAuts
  Lair:2: 2024 daAuts
Spider:4: 1962 daAuts
Shoals:1: 1954 daAuts
     D:7: 1891 daAuts
    D:11: 1874 daAuts
Shoals:4: 1787 daAuts
Shoals:2: 1728 daAuts
  Lair:4: 1621 daAuts
     D:4: 1475 daAuts
     D:5: 1373 daAuts
     D:6: 1350 daAuts
